 Dungeon Crawl Stone Soup version 0.17-a0-1129-g5854844 (webtiles) character file.

1414 HEYYEYAAE the Shield-Bearer (level 8, -2/55 HPs)
             Began as an Octopode Fighter on May 24, 2015.
             Was an Initiate of Gozag.
             Slain by Prince Ribbit (17 damage)
             ... on level 7 of the Dungeon.
             The game lasted 00:08:29 (4664 turns).

HEYYEYAAE the Shield-Bearer (Octopode Fighter)      Turns: 4664, Time: 00:08:29

Health: -2/55      AC:  2    Str: 15    XL:     8   Next: 71%
Magic:  8/8        EV: 20    Int: 10    God:    Gozag
Gold:   86         SH: 10    Dex: 19    Spells: 0 memorised, 7 levels left

rFire  . . .     SeeInvis .     a - +0 war axe
rCold  . . .     Clarity  .     b - +0 shield
rNeg   . . .     SustAt   .     (helmet restricted)
rPois  +         Gourm    .     l - amulet of resist mutation
rElec  .         Spirit   .     o - ring of poison resistance
rCorr  .         Warding  .     (no ring)
rMut   +         Stasis   .     (no ring)
MR     .....                    (no ring)
Stlth  ++++......               (no ring)
                                (no ring)
                                (no ring)
                                (no ring)

@: agile, very slightly contaminated, hasted, very quick, not resistant to
hostile enchantments, stealthy
A: almost no armour, amphibious, 8 rings, constrict 8, rugged brown scales 1,
camouflage 1, gelatinous body 1
a: Potion Petition, Call Merchant, Bribe Branch, Renounce Religion


You were on level 7 of the Dungeon.
You worshipped Gozag.
Gozag was noncommittal.
You were not hungry.

You visited 2 branches of the dungeon, and saw 7 of its levels.

You collected 461 gold pieces.
You spent 304 gold pieces at shops.
You paid 71 gold pieces to Gozag.

Inventory:

Hand weapons
 a - a +0 war axe (weapon)
 z - a +1 long sword of holy wrath
Armour
 b - a +0 shield (worn)
Jewellery
 l - an amulet of resist mutation (around mantle)
 o - a ring of poison resistance (left tentacle)
Magical devices
 e - a wand of digging (14)
 f - a wand of random effects (17)
 m - a wand of frost (4)
 v - a wand of magic darts (2)
Scrolls
 j - a scroll of teleportation
 n - a scroll of amnesia {unknown}
 p - a scroll of noise {unknown}
 q - 2 scrolls of enchant weapon
 s - 2 scrolls of fog {unknown}
 x - a scroll of fear {unknown}
 y - a scroll of magic mapping
Potions
 h - a potion of degeneration
 i - a potion of ambrosia
 r - 2 potions of mutation
 t - a potion of haste
 u - 2 potions of invisibility {unknown}
 w - a potion of cancellation {unknown}
 A - a potion of curing
Comestibles
 c - a beef jerky
 d - 3 bread rations
 g - a fruit


   Skills:
 + Level 4.8 Fighting
 * Level 5.8 Axes
 * Level 6.3 Dodging
 * Level 6.4 Shields


You had 7 spell levels left.
You didn't know any spells.

Dungeon Overview and Level Annotations

Branches:
Dungeon (7/15)             Temple (1/1) D:4

Altars:
Ashenzari
Dithmenos
Gozag
Kikubaaqudgha
Makhleb
Nemelex Xobeh
Okawaru
Qazlal
Ru
Sif Muna
Trog
Xom
Yredelemnul
Zin
The Shining One

Shops:
D:4 ?   D:7 }

Annotations:
D:2 1 runed door
D:4 Pikel
D:7 Prince Ribbit


Innate Abilities, Weirdness & Mutations

You cannot wear most types of armour.
You are amphibious.
You can wear up to eight rings at the same time.
You can use your tentacles to constrict eight enemies at once.
Your skin changes colour to match your surroundings (Stealth).
Your rubbery body absorbs attacks (AC +1).
You are partially covered in rugged brown scales (AC +1, +3% HP).


Message History

You slash the crimson imp!
You kill the crimson imp!
Prince Ribbit is distracted by the nearby gold.
You closely miss Prince Ribbit.
Prince Ribbit is no longer distracted by gold.
Your grab passes through Prince Ribbit as he momentarily phases out.
Prince Ribbit is lightly wounded.
Prince Ribbit hits you!
* * * LOW HITPOINT WARNING * * *
You are too injured to fight recklessly!
You are too injured to fight recklessly!
You are too injured to fight recklessly!
Unknown command.
Prince Ribbit momentarily phases out as your attack passes through him.
You grab Prince Ribbit.
Prince Ribbit is lightly wounded.
You constrict Prince Ribbit. You block Prince Ribbit's attack.
Prince Ribbit hits you!
You die...
Your body crumbles into a pile of gold.

..# ..# #..# #
<#..#
#.#######> ..#
#.....$.. ..#
####...$###..#
..∩..8....@F.#
........$..#.#
#########....#
#.##.... #..
..... ###.
.... ......
##+##


You could see Prince Ribbit.

Vanquished Creatures
  The ghost of Hanyuu the Martial Artist, an experienced OpTm of Makhleb (D:5)
  Eustachio (D:5)
  Menkaure (D:5)
  An ice beast (D:5)
  3 slaves (D:5)
  A phantom (D:3)
  An ogre (D:4)
  A giant frog (D:3)
  Blork the orc (D:5)
  2 scorpions
  A hound (D:4)
  2 crimson imps
  Terence (D:3)
  2 worker ants
  A gnoll (D:1)
  4 adders
  An ooze (D:3)
  An adder zombie (D:5)
  A worm (D:2)
  2 giant geckos (D:3)
  7 orcs
  5 bats
  4 giant cockroaches (D:1)
  24 goblins
  13 hobgoblins
  6 jackals
  2 quokkas (D:5)
  4 giant newts
  15 kobolds
  12 rats
121 creatures vanquished.

Notes
Turn   | Place    | Note
--------------------------------------------------------------
     0 | D:1      | HEYYEYAAE the Octopode Fighter began the quest for the Orb.
     0 | D:1      | Reached XP level 1. HP: 16/16 MP: 1/1
   196 | D:1      | Reached XP level 2. HP: 15/21 MP: 2/2
   385 | D:1      | Reached XP level 3. HP: 19/26 MP: 3/3
   773 | D:2      | Found a runed door.
   773 | D:2      | Noticed a human
   777 | D:2      | Found a basalt altar of Yredelemnul.
  1123 | D:2      | You fall through a shaft!
  1123 | D:3      | Noticed Terence
  1134 | D:3      | Killed Terence
  1134 | D:3      | Reached XP level 4. HP: 16/31 MP: 4/4
  1315 | D:3      | Noticed a giant frog
  1325 | D:3      | Killed a giant frog
  1325 | D:3      | Reached skill level 4 in Dodging
  1325 | D:3      | Reached XP level 5. HP: 4/36 MP: 5/5
  1674 | D:3      | Found a sacrificial altar of Ru.
  1729 | D:3      | Found a shimmering altar of Xom.
  1809 | D:3      | Noticed a phantom
  2131 | D:3      | Killed a phantom
  2131 | D:3      | Reached XP level 6. HP: 41/43 MP: 6/6
  2524 | D:4      | Found Solan's Magic Scroll Shoppe.
  2528 | D:4      | Bought a scroll of identify for 26 gold pieces
  2528 | D:4      | Bought a scroll of magic mapping for 45 gold pieces
  2528 | D:4      | Bought a scroll of teleportation for 39 gold pieces
  2584 | D:4      | Reached XP level 7. HP: 47/47 MP: 7/7
  2728 | D:4      | Reached skill level 5 in Shields
  2850 | D:4      | Found a staircase to the Ecumenical Temple.
  2973 | Temple   | Entered the Ecumenical Temple
  3025 | Temple   | Became a worshipper of Gozag Ym Sagoz the Greedy
  3059 | D:5      | Entered Level 5 of the Dungeon
  3059 | D:5      | Noticed Hanyuu's ghost (experienced OpTm)
  3127 | D:5      | Reached skill level 5 in Dodging
  3190 | D:5      | Noticed Blork the orc
  3197 | D:5      | Killed Blork the orc
  3356 | D:5      | Killed Hanyuu's ghost
  3356 | D:5      | Reached XP level 8. HP: 17/54 MP: 8/8
  3370 | D:5      | Gained mutation: You are partially covered in rugged brown scales (AC +1, +3% HP). [potion of beneficial mutation]
  3588 | D:5      | Reached skill level 5 in Axes
  3700 | D:5      | Noticed Pikel
  3962 | D:4      | Bought a scroll of enchant weapon for 97 gold pieces
  4092 | D:5      | Noticed Menkaure
  4101 | D:5      | Killed Menkaure
  4101 | D:5      | Reached skill level 6 in Dodging
  4298 | D:5      | Noticed Eustachio
  4306 | D:5      | Killed Eustachio
  4648 | D:4      | Bought a scroll of enchant weapon for 97 gold pieces
  4650 | D:4      | You fall through a shaft for 3 floors!
  4650 | D:7      | Found Zeisiawn's Gadget Boutique.
  4650 | D:7      | Noticed Prince Ribbit
  4664 | D:7      | Slain by Prince Ribbit

Vault maps used:
D:1:      arrival_zaba_pyramid
D:2:      dk_yredelemnul_ordeal
D:3:      corexii_shack_village, nicolae_overflow_hidden_temple,
          xom_teletrap_fun, first_bread, uniq_terence
D:4:      minmay_temple_entry_enclosed_plants, serial_shops, shop
D:5:      uniq_menkaure, uniq_pikel, uniq_eustachio, uniq_blork_the_orc
D:7:      serial_shops, nicolae_shop_crystal, shop_statue, shop, shop,
          nicolae_shop_window_shopping, basic_altar, grunt_livestock,
          uniq_prince_ribbit1
Temple:   zaba_magenta_temple_12

Action                   |  1- 3 |  4- 6 |  7- 9 || total
-------------------------+-------+-------+-------++-------
Melee: War axe           |    76 |    77 |    88 ||   241
       Long sword        |       |       |    28 ||    28
Evoke: Wand              |       |    11 |     1 ||    12
  Use: Potion            |       |     3 |     7 ||    10
       Scroll            |       |     8 |     1 ||     9
 Stab: Sleeping          |     6 |     9 |     4 ||    19
  Eat: Chunk             |       |     5 |     1 ||     6
       Fruit             |       |       |     2 ||     2
       Meat ration       |       |       |     1 ||     1
